 Dungeon Crawl Stone Soup version 0.31.0-11-ge490571c62 (webtiles) character file.

Game seed: 15373912620874231026

1723 Arcadio the Covered (level 8, -3/70 HPs)
             Began as an Armataur Gladiator on Jan 26, 2024.
             Was a Believer of Okawaru.
             Killed from afar by Maggie (29 damage)
             ... with a bolt of fire
             ... on level 7 of the Dungeon.
             The game lasted 00:13:15 (5212 turns).

Arcadio the Covered (Armataur Gladiator)            Turns: 5212, Time: 00:13:16

Health: -3/70      AC: 16    Str: 22    XL:     8   Next: 75%
Magic:  8/8        EV:  5    Int:  9    God:    Okawaru [**....]
Gold:   418        SH:  9    Dex: 11    Spells: 7/7 levels left

rFire   . . .        H - +0 morningstar
rCold   . . .        l - +2 kite shield
rNeg    . . .        E - +0 chain mail
rPois   .            c - +0 helmet
rElec   .            (no cloak)
rCorr   .            v - +0 pair of gloves
SInv    .            (no barding)
Will    .....        g - amulet of regeneration Stlth
                     i - +4 ring of protection
HPRegen 2.41/turn    (no ring)
MPRegen 0.77/turn

%: roll
@: mesmerised
A: large, deformed body, tough skin 3, armoured tail, roll 2
a: Renounce Religion, Heroism


You were on level 7 of the Dungeon.
You worshipped Okawaru.
Okawaru was pleased with you.
You visited 2 branches of the dungeon, and saw 8 of its levels.
You also visited: Sewer.

You collected 418 gold pieces.

Inventory:

Hand Weapons
 a - a +0 flail
 H - a +0 morningstar (weapon)
Missiles
 d - 3 throwing nets (quivered)
 e - 3 javelins
Armour
 b - a +0 leather armour
 c - a +0 helmet (worn)
 l - a +2 kite shield (worn)
 v - a +0 pair of gloves (worn)
 x - a +0 scale mail
 E - a +0 chain mail (worn)
Jewellery
 g - an amulet of regeneration (around neck)
 i - a +4 ring of protection (left hand)
Wands
 n - a wand of flame (41)
 w - a wand of polymorph (18)
 G - a wand of iceblast (14)
Scrolls
 h - 2 scrolls of vulnerability {unknown}
 j - 3 scrolls of teleportation {unknown}
 k - 4 scrolls of identify {unknown}
 q - 2 scrolls of immolation {unknown}
 u - a scroll of enchant armour {unknown}
 y - 2 scrolls of noise {unknown}
 z - a scroll of enchant weapon {unknown}
 A - 2 scrolls of blinking {unknown}
 F - a scroll of revelation {unknown}
Potions
 f - 2 potions of resistance {unknown}
 m - 4 potions of curing
 o - a potion of ambrosia {unknown}
 p - a potion of enlightenment {unknown}
 r - a potion of haste {unknown}
 s - a potion of heal wounds {unknown}
 t - a potion of degeneration {unknown}
 B - a potion of attraction {unknown}
 C - 2 potions of invisibility {unknown}
 D - a potion of might {unknown}


   Skills:
 + Level 6.2 Fighting
 + Level 6.5 Maces & Flails
 - Level 1.7 Throwing
 + Level 7.5 Armour
 - Level 2.1 Dodging


You had 7 spell levels left.
You didn't know any spells.
Your spell library contained the following spells:

 Spells                   Type           Power      Damage    Failure   Level
 Conjure Ball Lightning   Conj/Air       0%         3x3d6     100%        6
 Discord                  Hex            0%         N/A       100%        8
 Disjunction              Tloc           0%         N/A       100%        8


Dungeon Overview and Level Annotations

Branches:
Dungeon (7/15)             Temple (1/1) D:5           Sewer (visited)

Altars:
Ashenzari
Cheibriados
Dithmenos
Elyvilon
Gozag
Hepliaklqana
Kikubaaqudgha
Makhleb
Nemelex Xobeh
Okawaru
Qazlal
Ru
Sif Muna
Trog
Uskayaw
Vehumet
Wu Jian
Xom
Zin
The Shining One

Shops:
D:5 !!

Annotations:
D:6 2 runed translucent doors, diceflayer's ghost, novice DsSh
D:7 Maggie


Innate Abilities, Weirdness & Mutations

Armour fits poorly on your strangely shaped body.
You have extremely tough skin. (AC +3)
You have a long armoured tail.
You regenerate magic and health when rolling toward enemies. (Rampage Regen)


Message History

You cannot move away from Maggie!
You gain the combat prowess of a mighty hero.
Maggie casts a spell at you. The bolt of fire hits you!!
You roll towards Maggie!
You roll towards Maggie!
You hit Maggie.
Maggie is lightly wounded.
Maggie mumbles some strange words.
Maggie draws you further into her thrall.
You hit Maggie.
Maggie is lightly wounded.
Maggie gestures at you while chanting. The bolt of fire hits you!
You hit Maggie.
Maggie is lightly wounded.
Maggie closely misses you.
You closely miss Maggie. You tail-slap Maggie.
Maggie is lightly wounded.
You block Maggie's attack.
You impale Maggie!! You tail-slap Maggie, but do no damage.
Maggie is heavily wounded.
Maggie hits you with a +4 glaive of pain!
You writhe in agony.
You hit Maggie but do no damage.
Maggie is heavily wounded.
You block Maggie's attack.
You barely miss Maggie.
Maggie is heavily wounded.
You block Maggie's attack.
You hit Maggie. You tail-slap Maggie!
Maggie is severely wounded.
You feel like a meek peon again. You block Maggie's attack.
You hit Maggie.
Maggie is severely wounded.
Maggie casts a spell at you. The bolt of fire hits you!!
Maggie casts a spell at you. The bolt of fire hits you!!
You die...

## #..# #.# ..#.. #.# .
.#.. ##.# .. ...
.##.###### ..
#.##.##.##... .#.# #....
#.##.####....#
.######..####....#<....##
.......†....@@.....#......
.................#.#....#%
..........................
#######...........#...<...
#....####...#.......
.....#.# #.........#.
#.....#.# #.#.#.#...#
#.....+.# #...........
##....#.. #.#.#.#....#


You could see Maggie (mesmerising).

Vanquished Creatures
  2 ice beasts
  An ogre (D:5)
  A crocodile (Sewer)
  A kobold brigand (Sewer)
  A brain worm (Sewer)
  2 scorpions
  5 wights
  A bombardier beetle (D:3)
  3 hounds
  A jelly (D:7)
  2 orc priests
  5 iguanas
  5 orc wizards
  Robin (D:2)
  12 adders
  11 river rats
  2 shadow imps
  A white imp (D:5)
  4 ufetubi
  A dart slug (D:3)
  2 ribbon worms (D:3)
  14 orcs
  7 endoplasms
  8 giant cockroaches
  14 goblins
  9 hobgoblins
  2 jackals (Sewer)
  5 quokkas
  8 ball pythons
  4 bats
  3 frilled lizards
  13 kobolds
  8 rats
159 creatures vanquished.

Notes
Turn   | Place    | Note
-------+----------+-------------------------------------------
     0 | D:1      | Arcadio the Armataur Gladiator began the quest for the Orb.
     0 | D:1      | Reached XP level 1. HP: 17/17 MP: 1/1
   226 | D:1      | Reached skill level 1 in Armour
   226 | D:1      | Reached XP level 2. HP: 24/24 MP: 2/2
   777 | D:2      | Noticed Robin
   803 | D:2      | Reached XP level 3. HP: 30/30 MP: 3/3
   815 | D:2      | Killed Robin
   825 | D:2      | Reached skill level 2 in Armour
  1071 | D:2      | Reached XP level 4. HP: 37/37 MP: 4/4
  1554 | D:3      | Reached skill level 3 in Armour
  1554 | D:3      | Reached XP level 5. HP: 38/45 MP: 5/5
  1685 | D:3      | Found a glowing drain.
  1694 | Sewer    | Entered a sewer
  1891 | Sewer    | Reached XP level 6. HP: 52/52 MP: 6/6
  1900 | Sewer    | Reached skill level 4 in Armour
  2398 | D:3      | Gained mutation: You regenerate magic and health when
                  | rolling toward enemies. (Rampage Regen) [Armataur growth]
  2398 | D:3      | Reached XP level 7. HP: 55/60 MP: 7/7
  2512 | D:3      | Found a shadowy altar of Dithmenos.
  2743 | D:4      | Reached skill level 5 in Armour
  2792 | D:4      | Reached skill level 5 in Maces & Flails
  3110 | D:5      | Entered Level 5 of the Dungeon
  3203 | D:5      | Found Jaefonaf's Distillery.
  3340 | D:5      | Found a staircase to the Ecumenical Temple.
  3350 | Temple   | Entered the Ecumenical Temple
  3406 | Temple   | Became a worshipper of Warmaster Okawaru
  3530 | D:5      | Found an ancient bone altar of Kikubaaqudgha.
  3721 | D:5      | Found Meevauno's Distillery.
  3831 | D:5      | Reached skill level 5 in Fighting
  3907 | D:5      | Reached skill level 6 in Armour
  4063 | D:5      | Reached XP level 8. HP: 64/68 MP: 8/8
  4277 | D:6      | Reached * piety under Okawaru
  4286 | D:6      | Found a large runed translucent door.
  4316 | D:6      | Found a large runed translucent door.
  4317 | D:6      | Noticed diceflayer's ghost (novice DsSh)
  4768 | D:6      | Reached skill level 7 in Armour
  4896 | D:6      | Reached ** piety under Okawaru
  5192 | D:7      | Noticed Maggie
  5212 | D:7      | Killed from afar by Maggie

Illustrated notes

Levels and vault maps discovered:
D:1:      amcnicky_arrival_underground_garden, layout_basic
D:2:      layout_basic, uniq_robin
D:3:      layout_rooms, lemuel_crystal_altar, lightli_sewer_entry_pipes,
          minmay_increasing_density
D:4:      layout_basic, minmay_close_crescents
D:5:      layout_cave_pods, mainiacjoe_overflow_small_starburst,
          minmay_temple_entry_arrows, serial_shops, shop,
          nicolae_shop_window_shopping
D:6:      layout_cave_pools, ebering_ghost_disaster_area,
          minmay_misc_feat_plants
D:7:      layout_basic, dk_yredelemnul_ordeal, serial_glass, glass_columns_a,
          glass_columns_a, glass_columns_b, glass_columns_b, glass_columns_a,
          sigmund_army, uniq_maggie
Temple:   dpeg_five_rooms_temple

Skill      XL: |  1  2  3  4  5  6  7  8 |
---------------+-------------------------+-----
Fighting       | 2 3 4 5 6 |  6.2
Armour         | 1 2 3 4 6 7 |  7.5
Maces & Flails | 3 4 5 6 |  6.5
Throwing       | |  1.7
Dodging        | |  2.1

Action                     |  1- 3 |  4- 6 |  7- 9 || total
---------------------------+-------+-------+-------++-------
  Melee: Flail             |   126 |   182 |   180 ||   488
         Tailslap          |    14 |    18 |    31 ||    63
         Punch             |     1 |     1 |       ||     2
         Morningstar       |       |       |    81 ||    81
 Invoke: Heroism           |       |       |     1 ||     1
    Use: Potion            |       |     1 |     1 ||     2
 Armour: Leather armour    |   115 |   117 |       ||   232
         Scale mail        |       |       |   124 ||   124
         Chain mail        |       |       |   148 ||   148
  Dodge: Dodged            |    71 |    69 |    87 ||   227
  Block: Kite shield       |       |       |   153 ||   153
